 Dungeon Crawl Stone Soup version 0.27-a0-1434-g6f15984924 (webtiles) character file.

Game seed: 3725855695757282174

107 blackman the Skirmisher (level 4, -1/41 HPs)
             Began as a Minotaur Berserker on July 3, 2021.
             Was a Believer of Trog.
             Succumbed to a gnoll's poison
             ... on level 3 of the Dungeon.
             The game lasted 00:08:38 (2478 turns).

blackman the Skirmisher (Minotaur Berserker)        Turns: 2478, Time: 00:08:38

Health: -1/41      AC: 10    Str: 23    XL:     4   Next: 56%
Magic:  1/3        EV:  8    Int:  4    God:    Trog [**....]
Gold:   95         SH:  0    Dex:  9    Spells: 3/3 levels left

rFire    . . .     SeeInvis .   a - +0 hand axe
rCold    . . .     Faith    .   (no shield)
rNeg     . . .     Spirit   +   m - +0 chain mail
rPois    .         Reflect  .   (helmet restricted)
rElec    .         Harm     .   (no cloak)
rCorr    .         Rampage  .   (no gloves)
Will     ++...                  o - +0 pair of boots
Stlth    ..........             n - amulet of guardian spirit
HPRegen  1.13/turn              (no ring)
MPRegen  0.08/turn              (no ring)

@: lethally poisoned (-1 -> -12), strong-willed (expiring), on berserk cooldown,
regenerating (expiring), slowed, very slow
A: horns 2, retaliatory headbutt
a: Renounce Religion, Berserk, Trog's Hand


You were on level 3 of the Dungeon.
You worshipped Trog.
Trog was pleased with you.
You visited 1 branch of the dungeon, and saw 3 of its levels.

You collected 95 gold pieces.

Inventory:

Hand Weapons
 a - a +0 hand axe (weapon)
 e - a +0 hunting sling
Missiles
 i - 33 stones (quivered)
Armour
 b - a +0 animal skin
 c - a +0 barding
 j - a +0 tower shield
 k - a +0 ring mail
 m - a +0 chain mail (worn)
 o - a +0 pair of boots (worn)
Jewellery
 n - an amulet of guardian spirit (around neck)
Scrolls
 d - a scroll of teleportation
 f - a scroll of amnesia {unknown}
 g - a scroll of identify {unknown}
 l - 2 scrolls of enchant weapon {unknown}
Potions
 h - a potion of berserk rage
 p - a potion of haste {unknown}


   Skills:
 + Level 4.7 Fighting
 + Level 4.7 Axes
 + Level 3.7 Armour
 - Level 2.1 Dodging
 + Level 1.1 Shields


You had 3 spell levels left.
You didn't know any spells.
Your spell library contained the following spells:

 Spells                   Type           Power      Damage    Failure   Level
 Dazzling Flash           Conj/Hex       0%         N/A       100%        3
 Agony                    Necr           0%         N/A       100%        5
 Silence                  Hex/Air        0%         N/A       100%        5


Dungeon Overview and Level Annotations

Branches:
Dungeon (3/15)

Altars:
Nemelex Xobeh


Innate Abilities, Weirdness & Mutations

You have a pair of horns on your head.
You reflexively headbutt those who attack you in melee.


Message History

You closely miss the gnoll.
You feel very sick. The gnoll hits you with a +0 whip.
You hit the gnoll.
The gnoll is severely wounded.
You barely miss the gnoll.
You feel very sick. The gnoll hits you but does no damage.
You are more poisoned.
You slice the gnoll!!
You kill the gnoll!
Trog accepts your kill.
You slash the gnoll!
You feel very sick.
The gnoll hits you with a +2 halberd of venom!
* * * LOW HITPOINT WARNING * * *
You are lethally poisoned!
Your Shields skill increases to level 1!
You closely miss the quokka. You slash the gnoll!
You kill the gnoll!
Trog accepts your kill.
* * * LOW HITPOINT WARNING * * *
You feel very sick.
The quokka bites you but does no damage.
You hit the quokka. You headbutt the quokka.
You kill the quokka!
Trog accepts your kill.
* * * LOW HITPOINT WARNING * * *
You feel very sick.
There is a lethal amount of poison in your body!
There is a lethal amount of poison in your body!
You are too berserk!
* * * LOW HITPOINT WARNING * * *
You feel very sick.
You feel a strong urge to attack something.
You are no longer berserk.
You are exhausted.
You feel yourself slow down.
You feel the effects of Trog's Hand fading.
You die...

...#...#.#.......#
...#...#.#.......#
...#...#.....#####..
...#...#............ .
####...#............ ..
#...##....########.....#
####......................#
..........................#
.....##########)@#.####.#.#
.....# #.))...####...#####
.....# #.)##...#.........#
.....#
......#.............#
######
#..........##....>....# #
#...........#.........# #
#...... #.....##.....#
#...... #......#.....#
#..........###.....##.#


There were no monsters in sight!

Vanquished Creatures
  4 gnolls (D:3)
  2 adders (D:2)
  A dart slug (D:1)
  5 bats
  7 endoplasms
  3 giant cockroaches (D:1)
  2 goblins
  3 hobgoblins (D:1)
  2 jackals (D:2)
  3 kobolds
  3 quokkas
  4 ball pythons
  6 frilled lizards
  4 rats
49 creatures vanquished.

Notes
Turn   | Place    | Note
-------+----------+-------------------------------------------
     0 | D:1      | blackman the Minotaur Berserker began the quest for the
                  | Orb.
     0 | D:1      | Reached XP level 1. HP: 19/19 MP: 0/0
   475 | D:1      | Reached XP level 2. HP: 16/27 MP: 1/1
   813 | D:1      | Found a faded altar of an unknown god.
  1472 | D:1      | Reached XP level 3. HP: 33/33 MP: 2/2
  1578 | D:2      | Found a sparkling altar of Nemelex Xobeh.
  1657 | D:2      | Reached ** piety under Trog
  2466 | D:3      | Reached XP level 4. HP: 41/41 MP: 3/3
  2475 | D:3      | Reached skill level 1 in Shields
  2477 | D:3      | HP: 3/61 [poisoned by a gnoll]
  2478 | D:3      | Succumbed to a gnoll's poison

Illustrated notes

Levels and vault maps discovered:
D:1:      heliophobic_arrival_ceremonial_halls, layout_rooms,
          hellmonk_ecumenical_altar_prayer_group, minivault_25,
          minmay_misc_feat_chi
D:2:      layout_rooms, basic_altar, chequers_serial_rivers_micro_b
D:3:      layout_basic, hangedman_decor_points, dk_vineyard_3, uniq_jessica,
          uniq_crazy_yiuf_cottage

Skill      XL: |  1  2  3  4 |
---------------+-------------+-----
Fighting       | 4 |  4.7
Axes           | 4 |  4.7
Armour         | 3 |  3.7
Shields        | 1 |  1.1
Dodging        | |  2.1

Action                   |  1- 3 |  4- 6 || total
-------------------------+-------+-------++-------
Melee: Hand axe          |    80 |     9 ||    89
       Headbutt          |     6 |     1 ||     7
Invok: Berserk           |     1 |       ||     1
       Trog's Hand       |     1 |       ||     1
  Use: Scroll            |     1 |       ||     1
       Potion            |     1 |       ||     1
Armor: Animal skin       |    11 |       ||    11
       Chain mail        |     4 |     7 ||    11
       Ring mail         |     2 |       ||     2
Dodge: Dodged            |    50 |     1 ||    51

Table legend: (Time is in decaauts)
 A = Elapsed time spent in this place.
 B = Non-inter-level travel time spent in this place.
 C = Inter-level travel time spent in this place.
 D = Time resting spent in this place.
 E = Time spent auto-exploring this place.
 F = Levels seen in this place.
 G = Mean time per level.
                   A        B        C        D        E       F      G
               +--------+--------+--------+--------+--------+-----+--------+
         Total |   2491 |   2400 |     91 |    721 |   1128 |   3 |  830.3 |
       Dungeon |   2491 |   2400 |     91 |    721 |   1128 |   3 |  830.3 |
               +--------+--------+--------+--------+--------+-----+--------+

Top non-repeatable levels by time:
     D:1: 1532 daAuts
     D:2: 700 daAuts
     D:3: 258 daAuts
